 Dungeon Crawl Stone Soup version 0.26.1-11-gd32895ea62 (webtiles) character file.

Game seed: 13960742912963896626

190330 raph the Brawler (level 17, 0/255 HPs)
             Began as a Troll Berserker on May 16, 2021.
             Was a High Priest of Trog.
             Slain by a wolf spider (1 damage)
             ... led by a torpor snail
             ... on level 2 of the Spider Nest on May 17, 2021.
             The game lasted 01:16:53 (39092 turns).

raph the Brawler (Troll Berserker)                 Turns: 39092, Time: 01:16:53

Health: 0/255      AC: 14    Str: 40    XL:     17   Next: 54%
Magic:  16/16      EV: 34    Int:  3    God:    Trog [*****.]
Gold:   1540       SH:  0    Dex: 24    Spells: 16/16 levels left

rFire    . . .     SeeInvis .     - Unarmed
rCold    x . .     Faith    .   (no shield)
rNeg     + . .     Spirit   .   p - +0 swamp dragon scales
rPois    +         Reflect  .   (helmet restricted)
rElec    .         Harm     .   T - +0 cloak "Bibusos" {Dex+2}
rCorr    .         Rampage  .   (gloves unavailable)
Will     +++..                  (boots unavailable)
Stlth    ..........             v - amulet "Eriqeasa" {Acrobat Str+4 Dex+6}
HPRegen  1.92/turn              I - ring of Shadows {Umbra +Inv Stlth+}
MPRegen  0.15/turn              F - ring of Hemish {+Fly rC- rN+ Str+6 Dex+3}

@: berserking (expiring), lethally poisoned (0 -> -15), acrobat, regenerating,
slowed, wreathed by umbra, studying Evocations
A: large, unfitting armour, claws 3, regeneration 1, shaggy fur 1, tough skin 3
}: 1/15 runes: decaying
a: Renounce Religion, Evoke Invisibility, Evoke Flight, Berserk, Trog's Hand,
Brothers in Arms


You were on level 2 of the Spider Nest.
You worshipped Trog.
Trog was extremely pleased with you.
You visited 5 branches of the dungeon, and saw 29 of its levels.
You also visited: Ice Cave and Volcano.

You collected 3574 gold pieces.
You spent 2034 gold pieces at shops.

Inventory:

Hand Weapons
 i - a +7 giant spiked club of freezing
Missiles
 O - 5 javelins
 R - 10 curare-tipped darts
 Y - 6 large rocks (quivered)
Armour
 d - +3 steam dragon scales
 k - +1 fire dragon scales
 p - +0 swamp dragon scales (worn)
 T - the +0 cloak "Bibusos" (worn) {Dex+2}
   (You acquired it on level 13 of the Dungeon)

   It affects your dexterity (+2).
Jewellery
 v - the amulet "Eriqeasa" (around neck) {Acrobat Str+4 Dex+6}
   (You bought it in a shop on level 2 of the Orcish Mines)

   [amulet of the acrobat]

   It helps you evade while moving and waiting.
   It affects your strength (+4).
   It affects your dexterity (+6).
 y - a +6 ring of dexterity
 F - the ring of Hemish (right claw) {+Fly rC- rN+ Str+6 Dex+3}
   (You found it on level 1 of the Swamp)

   [ring of flight]

   It affects your strength (+6).
   It affects your dexterity (+3).
   It makes you vulnerable to cold.
   It protects you from negative energy.
   It lets you fly.
 I - the ring of Shadows (left claw) {Umbra +Inv Stlth+}
   (You bought it in a shop on level 2 of the Orcish Mines)

   [ring of stealth]

   It lets you turn invisible.
   It makes you more stealthy.
Wands
 e - a wand of enslavement (4)
 j - a wand of flame (26)
 l - a wand of polymorph (25)
 o - a wand of disintegration (55)
 r - a wand of digging (5)
 B - a wand of iceblast (16)
 C - a wand of acid (24)
Scrolls
 b - 10 scrolls of teleportation
 h - a scroll of enchant armour
 n - 7 scrolls of remove curse
 z - 2 scrolls of fear
 D - 15 scrolls of identify
 G - 6 scrolls of fog
 M - a scroll of blinking
 S - 2 scrolls of magic mapping
 W - a scroll of summoning
Potions
 a - 5 potions of berserk rage
 c - 2 potions of heal wounds
 f - 3 potions of magic
 g - 3 potions of haste
 m - 6 potions of might
 t - 2 potions of mutation
 u - 2 potions of lignification
 x - a potion of attraction
 A - 6 potions of resistance
 E - 8 potions of curing
 L - 8 potions of ambrosia
 X - a potion of invisibility
Books
 J - a manual of Evocations
Miscellaneous
 N - a phial of floods


   Skills:
 + Level 11.3 Fighting
 + Level 9.2 Throwing
 * Level 8.1 Armour
 + Level 11.3 Dodging
 - Level 1.9 Stealth
 * Level 17.7 Unarmed Combat
 + Level 10.8 Evocations


You had 16 spell levels left.
You didn't know any spells.
Your spell library was empty.

Dungeon Overview and Level Annotations

Branches:
Dungeon (15/15)            Temple (0/1) D:5            Lair (6/6) D:10
  Swamp (4/4) Lair:2       Spider (2/4) Lair:2        Slime (0/5) Lair:6
    Orc (2/2) D:9             Elf (0/3) Orc:2        Vaults (0/5) D:14
 Depths (0/5) D:15          IceCv (visited)         Volcano (visited)

Altars:
Ashenzari
Dithmenos
Elyvilon
Gozag
Hepliaklqana
Okawaru
Trog
Uskayaw
Vehumet
Xom
Yredelemnul
Beogh

Shops:
D:8 ?   D:9 =   Orc:1 [   Orc:2 ?=(:

Annotations:
D:3 1 runed translucent door, Gwenloh's ghost, weakling DgCj
D:6 3 runed translucent doors, sankara's ghost, novice TrMo
Lair:4 exclusion: 3 oklob plants
Swamp:3 exclusion: downstairs
Swamp:4 2 exclusions, Lernaean hydra


Innate Abilities, Weirdness & Mutations

You are too large for most types of armour.
You have claws for hands.
Your natural rate of healing is unusually fast.
You are covered in fur. (AC +1)
You have extremely tough skin. (AC +3)


Message History

You hear a shout!
You hear an angry hiss.
You hear a hideous shriek!
You mangle Aizul!!
You feel the power of Trog in you as your rage grows.
You kill Aizul!
Trog accepts your kill.
Trog appreciates your killing of a magic user.
* * * LOW HITPOINT WARNING * * *
You feel very sick.
A demonic crawler comes into view.
The wolf spider hits you.
* * * LOW HITPOINT WARNING * * *
The wolf spider misses you. The redback bites you.
* * * LOW HITPOINT WARNING * * *
You are too berserk!
* * * LOW HITPOINT WARNING * * *
You feel very sick. The wolf spider barely misses you.
The wolf spider completely misses you. The torpor snail misses you.
The wolf spider completely misses you. The wolf spider bites you.
You die...

#######
###.#...# .
##...#...# ..
#...)....# .#.
#...#..### ....
#.....<#
#....##....#####
#....s.....^..#
#....w@s...#.##
#.....s°s.##†.#
#..###......[##
. ...##...<.#
.... .#..###
###..s....
....^#... .###.
.#..


You could see a torpor snail, 2 wolf spiders, a jumping spider and a redback.

Vanquished Creatures
  A frost giant (IceCv)
  Aizul (Spider:2)
  A spark wasp (Spider:1)
  4 bunyips
  An entropy weaver (Spider:1)
  3 eleionomae (Swamp:2)
  Snorg (D:13)
  A fire dragon (Volcano)
  A shambling mangrove (Swamp:4)
  5 ghost crabs (Swamp:1)
  15 hydras
  A catoblepas (D:14)
  2 boulder beetles
  9 alligators
  2 tengu warriors (D:14)
  3 two-headed ogres
  6 centaur warriors
  A storm dragon zombie (D:15)
  2 orc high priests (Orc:2)
  Sonja (D:11)
  5 goliath frogs
  5 skeletal warriors (D:15)
  11 swamp dragons
  4 spriggan druids
  A bog body (Swamp:2)
  A shadow dragon zombie (D:15)
  A wizard (D:14)
  Pikel (D:5)
  A phantasmal warrior (D:14)
  A tengu zombie (D:15)
  2 lindwurms
  10 ugly things
  3 harpies (D:14)
  2 necromancers
  5 orc knights
  6 orb spiders (Spider:1)
  6 wolf spiders
  3 orc sorcerers (Orc:2)
  3 cyclopes
  2 deep elf magi
  An oklob plant (Orc:1)
  A moth of wrath (Lair:2)
  A spriggan zombie (D:15)
  5 elephants (Lair:6)
  A black mamba (Lair:1)
  An ice statue (IceCv)
  4 apocalypse crabs (Swamp:1)
  2 molten gargoyles (Volcano)
  A torpor snail (Spider:1)
  18 cane toads
  4 kobold demonologists (D:10)
  An efreet (D:13)
  Maggie (D:7)
  8 komodo dragons
  2 rime drakes
  A bloated husk (Swamp:1)
  3 meliai (D:13)
  8 jumping spiders (Spider:1)
  A queen bee (Orc:1)
  4 trolls
  4 tyrant leeches
  3 slime creatures (D:13)
  22 polar bears
  4 blink frogs (Lair:1)
  3 dream sheep (Lair:6)
  14 hornets
  Sigmund (D:2)
  A centaur simulacrum (D:15)
  2 wraiths
  3 wyverns
  25 redbacks
  20 spriggans
  2 vampires (D:12)
  60 yaks
  6 basilisks
  15 tarantellas
  2 fire bats (Volcano)
  8 vampire mosquitoes
  A steam dragon (Volcano)
  16 swamp worms
  Duvessa (D:7)
  An acid dragon (D:14)
  A warg (Orc:2)
  A hell hound (Volcano)
  19 water moccasins
  4 ice beasts
  10 swamp drakes
  25 orc warriors
  3 sky beasts
  8 black bears
  3 necrophages
  4 boggarts (Lair:6)
  15 ogres
  5 phantoms
  49 wolves
  8 centaurs
  Blork the orc (D:6)
  5 big kobolds
  20 bullfrogs
  Dowan (D:7)
  2 wyvern skeletons (D:10)
  9 scorpions
  32 killer bees
  22 wights
  4 howler monkeys
  An electric eel (Lair:1)
  4 lava snakes
  A bullfrog zombie (D:10)
  A quasit (D:7)
  5 jellies
  7 hounds
  Crazy Yiuf (D:2)
  8 centaur skeletons
  3 bullfrog skeletons (D:10)
  3 centaur zombies
  23 orc priests
  34 orc wizards
  Terence (D:2)
  Natasha (thrice) (D:2)
  7 iguanas
  15 worker ants
  A hound zombie (D:8)
  3 hound skeletons
  A howler monkey zombie (D:7)
  3 gnolls (D:6)
  17 adders
  2 shadow imps (D:10)
  A white imp (D:6)
  An adder skeleton (D:6)
  2 adder zombies
  A worm (D:3)
  5 dart slugs
  8 leopard geckos
  75 orcs
  A ball python (D:3)
  7 bats
  12 giant cockroaches
  11 goblins
  8 hobgoblins
  19 jackals
  22 kobolds
  8 quokkas
  7 frilled lizards
  19 rats
1018 creatures vanquished.

Vanquished Creatures (collateral kills)
  A shambling mangrove (Swamp:2)
  A boulder beetle (Lair:6)
  8 hydras
  A death knight (D:12)
  An alligator (Swamp:2)
  An orc high priest (Orc:2)
  A spriggan druid (Swamp:2)
  2 swamp dragons (Swamp:4)
  An orc sorcerer (Orc:2)
  A black mamba (Lair:6)
  A cane toad (Lair:4)
  2 komodo dragons (Lair:6)
  3 meliai (D:13)
  A hornet (Swamp:4)
  A redback (Spider:1)
  A tarantella (Spider:1)
  9 yaks
  A swamp worm (Swamp:2)
  A warg (D:9)
  2 hell hounds (Volcano)
  3 orc warriors
  2 bullfrogs
  2 wights
  A bullfrog zombie (D:12)
  2 orc priests (D:9)
  7 orcs
  A goblin (D:9)
58 creatures vanquished.

Vanquished Creatures (others)
  A swamp dragon (Swamp:4)
  3 bloated husks
  A hornet (Swamp:4)
  A bush (Lair:6)
  36 fungi
  58 plants
  4 withered plants
104 creatures vanquished.

Grand Total: 1180 creatures vanquished

Notes
Turn   | Place    | Note
-------+----------+-------------------------------------------
     0 | D:1      | raph the Troll Berserker began the quest for the Orb.
     0 | D:1      | Reached XP level 1. HP: 22/22 MP: 0/0
   123 | D:1      | Reached XP level 2. HP: 29/29 MP: 1/1
   433 | D:1      | Reached ** piety under Trog
   440 | D:1      | Reached XP level 3. HP: 36/36 MP: 2/2
  1092 | D:2      | Noticed Terence
  1098 | D:2      | Killed Terence
  1099 | D:2      | Reached skill level 4 in Unarmed Combat
  1099 | D:2      | Reached XP level 4. HP: 43/44 MP: 3/3
  1374 | D:2      | Noticed Natasha
  1392 | D:2      | Killed Natasha
  1393 | D:2      | Reached XP level 5. HP: 37/53 MP: 4/4
  1544 | D:2      | Noticed Natasha
  1548 | D:2      | Killed Natasha
  1687 | D:2      | Reached *** piety under Trog
  1744 | D:2      | Noticed Sigmund
  1750 | D:2      | Killed Sigmund
  1751 | D:2      | Reached skill level 5 in Unarmed Combat
  1751 | D:2      | Reached XP level 6. HP: 61/61 MP: 5/5
  1783 | D:2      | Found a runed translucent door.
  1784 | D:2      | Noticed Crazy Yiuf
  1871 | D:2      | Noticed Natasha
  1879 | D:2      | Killed Natasha
  2067 | D:2      | Killed Crazy Yiuf
  2549 | D:3      | Reached skill level 6 in Unarmed Combat
  2629 | D:3      | Reached XP level 7. HP: 68/68 MP: 6/6
  3143 | D:3      | Found an opulent altar of Gozag.
  3211 | D:3      | Found a runed translucent door.
  3211 | D:3      | Noticed Gwenloh's ghost (weakling DgCj)
  3604 | D:4      | Reached skill level 1 in Evocations
  3906 | D:4      | Found a bloodstained altar of Trog.
  3985 | D:4      | Found an iron altar of Okawaru.
  3987 | D:4      | Found a hide-covered altar of Uskayaw.
  4222 | D:4      | Reached **** piety under Trog
  4611 | D:5      | Entered Level 5 of the Dungeon
  4620 | D:5      | Noticed Pikel
  4628 | D:5      | Killed Pikel
  4629 | D:5      | Reached skill level 7 in Unarmed Combat
  4629 | D:5      | Reached XP level 8. HP: 79/79 MP: 7/7
  4794 | D:5      | Reached skill level 8 in Unarmed Combat
  5003 | D:5      | Found a staircase to the Ecumenical Temple.
  5008 | D:5      | Reached skill level 5 in Fighting
  5008 | D:5      | Reached skill level 5 in Dodging
  5314 | D:5      | Found a white marble altar of Elyvilon.
  5329 | D:5      | Found a hazy altar of Hepliaklqana.
  5330 | D:5      | Found a radiant altar of Vehumet.
  5331 | D:5      | Found a basalt altar of Yredelemnul.
  5332 | D:5      | Found a broken altar of Ashenzari.
  5692 | D:6      | Found a basalt altar of Yredelemnul.
  5697 | D:6      | Noticed Blork the orc
  5703 | D:6      | Reached XP level 9. HP: 82/88 MP: 8/8
  5707 | D:6      | Killed Blork the orc
  6519 | D:6      | Reached skill level 9 in Unarmed Combat
  6776 | D:6      | Found a runed translucent gate.
  6779 | D:6      | Found a runed translucent gate.
  6779 | D:6      | Noticed sankara's ghost (novice TrMo)
  6781 | D:6      | Found a runed translucent gate.
  6848 | D:7      | Noticed Duvessa
  6848 | D:7      | Noticed Dowan
  6853 | D:7      | Killed Duvessa
  6875 | D:7      | Killed Dowan
  6961 | D:7      | Found a shadowy altar of Dithmenos.
  6982 | D:7      | Noticed a two-headed ogre
  7123 | D:7      | Killed a two-headed ogre
  7123 | D:7      | Reached ***** piety under Trog
  7405 | D:7      | Noticed Maggie
  7420 | D:7      | Killed Maggie
  7421 | D:7      | Reached skill level 10 in Unarmed Combat
  7421 | D:7      | Reached XP level 10. HP: 97/98 MP: 9/9
  8265 | D:8      | Noticed a green ugly thing
  8277 | D:8      | Killed a green ugly thing
  8918 | D:8      | Found a shimmering altar of Xom.
  8945 | D:8      | Found Raoru's Magic Scroll Boutique.
  9094 | D:8      | Bought a scroll of identify for 24 gold pieces
  9094 | D:8      | Bought a scroll of enchant armour for 90 gold pieces
  9094 | D:8      | Bought a scroll of fog for 24 gold pieces
  9306 | D:9      | Reached skill level 11 in Unarmed Combat
  9337 | D:9      | Reached skill level 5 in Evocations
  9505 | D:9      | Found a staircase to the Orcish Mines.
  9533 | D:9      | Reached XP level 11. HP: 74/107 MP: 10/10
  9774 | D:9      | Found Xequfual's Jewellery Emporium.
  9848 | D:9      | Received a gift from Trog
 10218 | D:10     | Entered Level 10 of the Dungeon
 10357 | D:10     | Noticed a soul eater
 10636 | D:10     | Noticed an eight-headed hydra
 10654 | D:10     | Killed an eight-headed hydra
 10679 | D:10     | Noticed a centaur warrior
 10691 | D:10     | Killed a centaur warrior
 10701 | D:10     | Reached skill level 12 in Unarmed Combat
 10751 | D:10     | Noticed a brown ugly thing
 10764 | D:10     | Killed a brown ugly thing
 11389 | D:10     | Found a staircase to the Lair.
 11564 | Lair:1   | Entered Level 1 of the Lair of Beasts
 12360 | Lair:1   | Reached XP level 12. HP: 109/119 MP: 11/11
 12749 | Lair:1   | Reached skill level 1 in Throwing
 12750 | Lair:1   | Received a gift from Trog
 13352 | Lair:2   | Found a staircase to the Swamp.
 13675 | Lair:2   | Reached skill level 13 in Unarmed Combat
 13867 | Lair:2   | Found a hole to the Spider Nest.
 14428 | Spider:1 | Entered Level 1 of the Spider Nest
 15423 | Lair:4   | Noticed a death yak
 15460 | Lair:4   | Noticed a six-headed hydra
 15471 | Lair:4   | Killed a six-headed hydra
 15692 | Lair:4   | Received a gift from Trog
 15711 | Lair:4   | Reached XP level 13. HP: 128/128 MP: 12/12
 15812 | Lair:4   | Got a transparent great mace
 15813 | Lair:4   | Identified the cursed +0 great mace of Painful Death
                  | {venom, +Rage} (You found it on level 4 of the Lair of
                  | Beasts)
 15934 | Lair:4   | Found a dark tunnel.
 15943 | Volcano  | Entered a volcano
 16039 | Volcano  | Found a bloodstained altar of Trog.
 16067 | Volcano  | Reached skill level 14 in Unarmed Combat
 16087 | Volcano  | Noticed a fire dragon
 16095 | Volcano  | Killed a fire dragon
 16233 | Volcano  | Reached skill level 1 in Stealth
 16233 | Volcano  | Reached XP level 14. HP: 140/140 MP: 13/13
 17455 | Lair:5   | Reached skill level 5 in Throwing
 17531 | Lair:5   | Found a gate leading to a gauntlet.
 18251 | Lair:6   | Entered Level 6 of the Lair of Beasts
 18939 | D:11     | Noticed Sonja
 18950 | D:11     | Killed Sonja
 20376 | D:13     | Reached skill level 15 in Unarmed Combat
 20667 | D:13     | Found a frozen archway.
 20673 | D:13     | Identified a scroll of acquirement
 20674 | D:13     | Acquired the +0 cloak "Bibusos" {Dex+2}
 20693 | IceCv    | Entered an ice cave
 21205 | IceCv    | Noticed a frost giant
 21237 | IceCv    | Killed a frost giant
 21668 | D:13     | Noticed Snorg
 22189 | D:13     | Killed Snorg
 22245 | D:13     | Reached XP level 15. HP: 122/149 MP: 14/14
 22510 | D:13     | Received a gift from Trog
 22630 | D:14     | Reached skill level 10 in Dodging
 22642 | D:14     | Reached skill level 10 in Fighting
 22788 | D:14     | Found a radiant altar of Vehumet.
 23005 | Orc:1    | Entered Level 1 of the Orcish Mines
 23005 | Orc:1    | Found Hoaphile's Armour Shoppe.
 23020 | Orc:1    | Bought +0 fire dragon scales for 720 gold pieces
 23515 | Orc:1    | Reached ****** piety under Trog
 23515 | Orc:1    | Received a gift from Trog
 23666 | Orc:1    | You fall into a shaft and drop 1 floor!
 23666 | Orc:2    | Entered Level 2 of the Orcish Mines
 23666 | Orc:2    | Found a roughly hewn altar of Beogh.
 23736 | Orc:2    | Reached skill level 1 in Armour
 23767 | Orc:2    | Found a staircase to the Elven Halls.
 24240 | Orc:2    | Found Koil Qec's Book Shoppe.
 24603 | Orc:2    | Found a roughly hewn altar of Beogh.
 24729 | Orc:2    | Received a gift from Trog
 24738 | Orc:2    | Found Dixtebbe's Antique Weapon Boutique.
 24739 | Orc:2    | Found Xiehia Xoqe's Magic Scroll Shoppe.
 24741 | Orc:2    | Found Pitoaschu's Jewellery Boutique.
 24771 | Orc:2    | Bought the amulet "Eriqeasa" {Acrobat Str+4 Dex+6} for 696
                  | gold pieces
 24771 | Orc:2    | Bought the ring of Shadows {Umbra +Inv Stlth+} for 480 gold
                  | pieces
 24771 | Orc:2    | Found the ring of Shadows {Umbra +Inv Stlth+}
 25929 | Lair:6   | Reached skill level 16 in Unarmed Combat
 26118 | Lair:6   | Received a gift from Trog
 26241 | Lair:6   | Identified the Incunabulum of Supportive Transmigration
 26500 | Lair:6   | Acquired a manual of Evocations
 26997 | Lair:6   | Found a staircase to the Slime Pits.
 27448 | D:14     | Found a gate to the Vaults.
 28295 | D:15     | Entered Level 15 of the Dungeon
 28327 | D:15     | Found a staircase to the Depths.
 28332 | D:15     | Reached XP level 16. HP: 148/159 MP: 15/15
 28455 | D:15     | Reached skill level 5 in Armour
 29444 | D:15     | Received a gift from Trog
 29859 | Swamp:1  | Entered Level 1 of the Swamp
 30586 | Swamp:1  | Found a runed translucent door.
 31022 | Swamp:1  | Got a scorched gossamer ring
 31027 | Swamp:1  | Identified the ring of Hemish {+Fly rC- rN+ Str+6 Dex+3}
                  | (You found it on level 1 of the Swamp)
 31601 | Swamp:2  | Reached skill level 17 in Unarmed Combat
 32391 | Swamp:3  | Reached skill level 10 in Evocations
 32401 | Swamp:3  | HP: 6/161 [bog body/bolt of cold (60)]
 33672 | Swamp:4  | Entered Level 4 of the Swamp
 34206 | Swamp:4  | Reached XP level 17. HP: 170/170 MP: 16/16
 35072 | Swamp:4  | Noticed the 27-headed Lernaean hydra
 36036 | Swamp:4  | Got a decaying rune of Zot
 37650 | Swamp:4  | HP: 5/170 [the 27-headed Lernaean hydra (11)]
 39066 | Spider:2 | Noticed Aizul
 39091 | Spider:2 | Killed Aizul
 39091 | Spider:2 | HP: 12/255 [poisoned by Aizul (poison arrow)]
 39091 | Spider:2 | HP: 4/255 [redback (6)]
 39092 | Spider:2 | HP: 1/255 [poisoned by Aizul (poison arrow)]
 39092 | Spider:2 | Slain by a wolf spider

Illustrated notes

Levels and vault maps discovered:
D:1:      ncdulo_wetmaze, layout_basic
D:2:      minmay_skewed_foursquare, layout_rooms, uniq_natasha, uniq_terence,
          uniq_crazy_yiuf_cottage, uniq_sigmund
D:3:      layout_loops_ring, marbit_many_paths, hellmonk_ghost_happy_afterlife,
          serial_bayou_pond_c, wander_ebering_terrifying_dragon_lair
D:4:      layout_loops_corners, grunt_temple_overflow_open
D:5:      layout_loops_ring, minitemple, minmay_temple_entry_proselytizer,
          guppyfry_early_orc_mine, uniq_pikel
D:6:      layout_loops_ring, ebering_ghost_rock_garden,
          yredelemnul_altar_generic, uniq_blork_the_orc
D:7:      layout_loops_corners, nicolae_dithmenos_shadow_blocks, uniq_maggie,
          uniq_duvessa
D:8:      layout_loops_cross, serial_shops, nicolae_shop_waterfront, basic_altar
D:9:      layout_small_grid, erik_orc_4, serial_shops, shop
D:10:     hangedman_cross_cluster, layout_irregular_city, serial_column_ruins,
          column_ruins_open_small, column_ruins_columns_corner,
          column_ruins_columns_straight, column_ruins_grid_1,
          column_ruins_columns_dead_end, column_ruins_columns_straight
D:11:     layout_stronghold, uniq_sonja
D:12:     layout_layer_cave
D:13:     layout_basic, portal_ice_cave_entry_pillars_1, serial_corexii_hall,
          chequers_hall_statues_wall_a, corexii_hall_statues_t, uniq_snorg
D:14:     layout_basic, david_vaults_1, hangedman_decor_clover_reticule,
          basic_altar, st_stairs_11, argonaut_gorgonesque
D:15:     gammafunk_depths_entry_grave, layout_irregular_city, nrook_campfire
Lair:1:   layout_cellular_growth, lemuel_fruit_tree, serial_bayou_shore_a,
          serial_bayou_shore_b
Lair:2:   layout_gridlike, swamp_mist, nicolae_spider_entry_non_spiders,
          grunt_megastairs_2
Lair:3:   layout_regular_city, grunt_forest_large_clearings
Lair:4:   layout_roguey, nicolae_volcano_entry_vermiform,
          minmay_lair_oklob_chamber
Lair:5:   layout_gridlike, gauntlet_entry_generic, grunt_megastairs_5
Lair:6:   minmay_lair_end_enchanted_forest, layout_loops_ring,
          dpeg_slime_entry_corner, grunt_megastairs_3
Swamp:1:  gammafunk_mikee_crab_dinner, layout_basic_swamp,
          evilmike_swamp_ruin_house_2, swamp_pool1
Swamp:2:  layout_basic_swamp, serial_swamp_ruin, evilmike_swamp_ruin_rubble_1,
          evilmike_swamp_ruin_house_3, evilmike_swamp_ruin_rubble_2, swamp_pool3
Swamp:3:  layout_basic_swamp, evilmike_swamp_ruin_house_4, swamp_pool1
Swamp:4:  swamp_old_school, layout_basic_swamp
Spider:1: layout_spider_delve, hangedman_spider_tarantella_strand
Spider:2: layout_spider_delve, spiders_nest_hornet_nest, uniq_aizul,
          uniq_arachne
Orc:1:    layout_caves, serial_shops, shop, special_room [special_room_bee],
          mines3_lemuel
Orc:2:    st_orc_elflike, layout_caves, basic_altar, nicolae_orc_lost_temple

Skill      XL: |  1  2  3  4  5  6  7  8  9 10 11 12 13 14 15 16 17 |
---------------+----------------------------------------------------+-----
Unarmed Combat | 4 5 6 7 8 10 11 12 13 14 15 16 17 | 17.7
Fighting       | 3 4 5 6 7 8 9 10 11 | 11.3
Dodging        | 3 4 5 6 7 8 9 10 11 | 11.3
Evocations     | 2 4 5 6 7 8 9 10 | 10.8
Throwing       | 3 4 6 7 8 9 |  9.2
Stealth        | 1 |  1.9
Armour         | 4 7 8 |  8.1

Action                   |  1- 3 |  4- 6 |  7- 9 | 10-12 | 13-15 | 16-18 || total
-------------------------+-------+-------+-------+-------+-------+-------++-------
Melee: Unarmed           |    66 |   128 |   288 |   700 |  1086 |   603 ||  2871
       Punch             |     1 |       |     6 |    52 |   129 |    86 ||   274
       Giant spiked club |       |       |       |       |     5 |    10 ||    15
Throw: Dart              |       |       |     4 |    27 |     9 |     3 ||    43
       Boomerang         |       |       |       |     8 |       |     7 ||    15
       Javelin           |       |       |       |       |    12 |    17 ||    29
       Large rock        |       |       |       |       |       |    60 ||    60
Invok: Berserk           |     2 |     7 |     8 |    14 |    14 |    10 ||    55
       Trog's Hand       |       |       |     2 |     8 |     6 |     5 ||    21
       Brothers in Arms  |       |       |       |     3 |    13 |     9 ||    25
Evoke: Wand              |       |       |       |       |     9 |     8 ||    17
  Use: Scroll            |     3 |       |    13 |    13 |    16 |    14 ||    59
       Potion            |       |       |       |       |     5 |     6 ||    11
 Stab: Sleeping          |     1 |       |     2 |     2 |    16 |    10 ||    31
       Distracted        |       |       |       |     2 |     4 |     3 ||     9
       Confused          |       |       |       |       |       |     2 ||     2
Armor: Animal skin       |    38 |    43 |    47 |       |       |       ||   128
       Robe              |       |       |    48 |       |       |       ||    48
       Steam dragon scal |       |       |       |   204 |   202 |       ||   406
       Fire dragon scale |       |       |       |       |   229 |    46 ||   275
       Swamp dragon scal |       |       |       |       |       |   217 ||   217
Dodge: Dodged            |    34 |    83 |   143 |   470 |   966 |   814 ||  2510
